 Dungeon Crawl Stone Soup version 0.21.1-1-g345015f (webtiles) character file.

123 Hebeh the Shield-Bearer (level 4, -2/41 HPs)
             Began as a Minotaur Fighter on June 24, 2018.
             Slain by Shutra's ghost (4 damage)
             ... on level 3 of the Dungeon.
             The game lasted 00:04:48 (1619 turns).

Hebeh the Shield-Bearer (Minotaur Fighter)          Turns: 1619, Time: 00:04:48

Health: -2/41      AC:  8    Str: 21    XL:     4   Next: 80%
Magic:  3/3        EV:  7    Int:  5    God:
Gold:   167        SH:  9    Dex: 10    Spells: 3/3 levels left

rFire    . . .     SeeInvis .   a - +0 war axe
rCold    . . .     Gourm    .   c - +0 shield
rNeg     . . .     Faith    .   b - +0 scale mail
rPois    .         Spirit   .   (helmet restricted)
rElec    .         Reflect  .   e - +0 cloak
rCorr    .         Harm     .   (no gloves)
MR       .....                  (no boots)
Stlth    ..........             (no amulet)
HPRegen  0.13/turn              (no ring)
MPRegen  0.08/turn              (no ring)

@: no status effects
A: retaliatory headbutt, horns 2
a: no special abilities


You were on level 3 of the Dungeon.
You were hungry.

You visited 1 branch of the dungeon, and saw 3 of its levels.

You collected 167 gold pieces.

Inventory:

Hand Weapons
 a - a +0 war axe (weapon)
 o - a +2 falchion of holy wrath
Missiles
 j - 7 javelins (quivered)
Armour
 b - a +0 scale mail (worn)
 c - a +0 shield (worn)
 e - a +0 cloak (worn)
Potions
 d - a potion of might
 k - a potion of invisibility
 l - a potion of curing
 n - a potion of flight
 q - a potion of mutation {unknown}
Comestibles
 f - 4 rations
 g - 3 chunks of flesh


   Skills:
 + Level 4.3 Fighting
 * Level 4.3 Axes
 + Level 4.4 Armour
 + Level 4.4 Shields


You had 3 spell levels left.
You didn't know any spells.

Dungeon Overview and Level Annotations

Branches:
Dungeon (3/15)

Altars:
Ru

Annotations:
D:3 Shutra's ghost, amateur MiHu


Innate Abilities, Weirdness & Mutations

You reflexively headbutt those who attack you in melee.
You have a pair of horns on your head.


Message History

You closely miss Shutra's ghost. You headbutt Shutra's ghost!
Shutra's ghost is heavily damaged.
Shutra's ghost hits you.
* * * LOW HITPOINT WARNING * * *
You closely miss Shutra's ghost.
Shutra's ghost is heavily damaged.
Shutra's ghost hits you but does no damage.
You hit Shutra's ghost. Your headbutt misses Shutra's ghost.
Shutra's ghost is severely damaged.
Shutra's ghost hits you.
* * * LOW HITPOINT WARNING * * *
Shutra's ghost completely misses you. You furiously retaliate!
You headbutt Shutra's ghost, but do no damage.
You closely miss Shutra's ghost. You headbutt Shutra's ghost.
Shutra's ghost is severely damaged.
Shutra's ghost completely misses you.
You hit Shutra's ghost.
Shutra's ghost is severely damaged.
Shutra's ghost hits you.
You die...

...# #... ..####.# # .
#......#.#. .#
##...........#
#.......###.#
######..[..#.#...#
####........#.#)>.#
.....##...###...### #
#.W@.##.....# .#
#....#...#.#.###.####
.....##...###...........
.... ..... ###......#..
..# ##.##..###..##....#
. ..###.........)##
##........<...##
.###.....##.# #..###.#
...


You could see Shutra's ghost.

Vanquished Creatures
  An orc wizard (D:3)
  3 adders (D:2)
  An ooze (D:1)
  A worm (D:2)
  2 dart slugs
  2 leopard geckos (D:2)
  3 orcs (D:3)
  7 giant cockroaches
  3 goblins
  7 hobgoblins
  8 jackals
  A ball python (D:1)
  5 bats
  4 frilled lizards
  2 kobolds (D:2)
  2 rats
52 creatures vanquished.

Notes
Turn   | Place    | Note
-------+----------+-------------------------------------------
     0 | D:1      | Hebeh the Minotaur Fighter began the quest for the Orb.
     0 | D:1      | Reached XP level 1. HP: 19/19 MP: 0/0
   121 | D:1      | Reached XP level 2. HP: 27/27 MP: 1/1
   623 | D:1      | Reached XP level 3. HP: 33/33 MP: 2/2
   966 | D:2      | Found a sacrificial altar of Ru.
  1007 | D:2      | Reached XP level 4. HP: 31/40 MP: 3/3
  1598 | D:3      | Noticed Shutra's ghost (amateur MiHu)
  1615 | D:3      | HP: 2/41 [Shutra's ghost (4)]
  1619 | D:3      | Slain by Shutra's ghost

Skill      XL: |  1  2  3  4 |
---------------+-------------+-----
Axes           | 3 4 |  4.3
Shields        | 4 |  4.4
Armour         | 4 |  4.4
Fighting       | 4 |  4.3

Action                   |  1- 3 |  4- 6 || total
-------------------------+-------+-------++-------
Melee: War axe           |    88 |    56 ||   144
       Headbutt          |    14 |     9 ||    23
  Use: Scroll            |       |     6 ||     6
  Eat: Chunk             |       |     2 ||     2
Armor: Scale mail        |    55 |    23 ||    78
Dodge: Dodged            |    32 |    11 ||    43
Block: Shield            |    60 |    25 ||    85
